 Dungeon Crawl Stone Soup version 0.31-a0-145-g046c7d2549 (webtiles) character file.

Game seed: 5763905103811737872

21 porpoise the Chopper (level 2, 0/27 HPs)
             Began as a Hill Orc Monk on June 5, 2023.
             Slain by a gnoll
             ... wielding a +0 whip
              (7 damage)
             ... on level 2 of the Dungeon.
             The game lasted 00:01:40 (707 turns).

porpoise the Chopper (Hill Orc Monk)                 Turns: 707, Time: 00:01:41

Health: 0/27       AC:  3    Str: 13    XL:     2   Next: 83%
Magic:  2/2        EV: 17    Int: 10    God:
Gold:   16         SH:  0    Dex: 13    Spells: 1/1 levels left

rFire   . . .        a - +0 hand axe
rCold   . . .        d - orb {light}
rNeg    . . .        f - +0 robe
rPois   .            (no helmet)
rElec   .            j - +0 cloak
rCorr   .            (no gloves)
SInv    .            (no boots)
Will    .....        (no amulet)
Stlth   +            l - +5 ring of evasion
HPRegen 0.24/turn    (no ring)
MPRegen 0.08/turn

%: no passive effects
@: glowing
A: no striking features
a: no special abilities


You were on level 2 of the Dungeon.
You visited 1 branch of the dungeon, and saw 2 of its levels.

You collected 16 gold pieces.

Inventory:

Hand Weapons
 a - a +0 hand axe (weapon)
 b - a +0 sling
Missiles
 m - 4 curare-tipped darts
Armour
 d - an orb of light (worn)
 f - a +0 robe (worn)
 j - a +0 cloak (worn)
Jewellery
 l - a +5 ring of evasion (left hand)
Scrolls
 e - a scroll of amnesia {unknown}
 h - a scroll of identify {unknown}
 i - a scroll of teleportation {unknown}
 k - a scroll of enchant weapon {unknown}
 n - 2 scrolls of fog {unknown}
 o - a scroll of magic mapping {unknown}
 p - a scroll of acquirement {unknown}
Potions
 c - a potion of ambrosia
 g - a potion of magic {unknown}


   Skills:
 + Level 4.1 Fighting
 * Level 4.9 Axes
 - Level 2.4 Dodging


You had one spell level left.
You didn't know any spells.
Your spell library contained the following spells:

 Spells                   Type           Power      Damage    Failure   Level
 Freeze                   Ice            0%         1d3       36%         1
 Frozen Ramparts          Ice            0%         1d1       75%         3
 Hailstorm                Conj/Ice       0%         3d3       75%         3


Dungeon Overview and Level Annotations

Branches:
Dungeon (2/15)

Altars:


Message History

You climb downwards.
There is a stone staircase leading up here.
Found a chain mail.
A rat comes into view.
The rat moves out of view.
A rat and a gnoll come into view.
Found a viscous yellow potion.
The gnoll shouts!
You hear a shout! 2 gnolls come into view.
The gnoll shouts! x2
You hit the rat.
You kill the rat!
Found an escape hatch in the floor.
You hit the gnoll.
The gnoll is moderately wounded.
The gnoll completely misses you.
You hit the gnoll.
The gnoll is moderately wounded.
The gnoll hits you with a +0 whip.
You barely miss the gnoll.
The gnoll is moderately wounded.
You hit the gnoll. The gnoll completely misses you.
The gnoll hits you with a +0 whip!
The gnoll hits you from afar with a +0 spear!
You are too injured to fight recklessly!
You are too injured to fight recklessly!
You are too injured to fight recklessly!
You hit the gnoll.
The gnoll is heavily wounded.
You barely miss the gnoll. The gnoll barely misses you. x2
You barely miss the gnoll.
The gnoll is heavily wounded.
You hit the gnoll. The gnoll hits you with a +0 whip.
* * * LOW HITPOINT WARNING * * *
The gnoll barely misses you. The gnoll closely misses you.
The gnoll barely misses you. The gnoll closely misses you. x2
You hit the gnoll.
The gnoll is moderately wounded.
You hit the gnoll. x2; The gnoll hits you with a +0 whip!
You die...

####..#. ##
#.....!....
#........#.#
#..#..#....##
#..#.........
#..#... ..>#
#..#g##..#.#
###....@g....#
#......g.[.###
#.###.######
#<# #.# #.#
#.# ..# #.#
#### #.# #.#
.#


You could see 3 gnolls.

Vanquished Creatures
  A dart slug (D:1)
  2 endoplasms (D:1)
  2 giant cockroaches (D:1)
  3 goblins (D:1)
  2 ball pythons (D:1)
  2 bats (D:1)
  2 kobolds (D:1)
  4 rats
18 creatures vanquished.

Notes
Turn   | Place    | Note
-------+----------+-------------------------------------------
     0 | D:1      | porpoise the Hill Orc Monk began the quest for the Orb.
     0 | D:1      | Reached XP level 1. HP: 19/19 MP: 1/1
   157 | D:1      | Reached XP level 2. HP: 27/27 MP: 2/2
   707 | D:2      | Slain by a gnoll

Illustrated notes

Levels and vault maps discovered:
D:1:      tarquinn_simple_flora_water_a, layout_basic, minmay_3d_cube
D:2:      minmay_chambers_of_twos, layout_loops_cross, serial_shops,
          nicolae_shop_trees

Skill      XL: |  1  2 |
---------------+-------+-----
Fighting       | 4 |  4.1
Axes           | |  4.9
Dodging        | |  2.4

Action                     || total
---------------------------++-------
  Melee: Hand axe          ||    34
   Fire: Sling             ||    11
 Armour: Robe              ||     6
  Dodge: Dodged            ||    27

Table legend: (Time is in decaauts)
 A = Elapsed time spent in this place.
 B = Non-inter-level travel time spent in this place.
 C = Inter-level travel time spent in this place.
 D = Time resting spent in this place.
 E = Time spent auto-exploring this place.
 F = Levels seen in this place.
 G = Mean time per level.
                   A        B        C        D        E       F      G
               +--------+--------+--------+--------+--------+-----+--------+
         Total |    709 |    680 |     29 |    100 |    434 |   2 |  354.5 |
       Dungeon |    709 |    680 |     29 |    100 |    434 |   2 |  354.5 |
               +--------+--------+--------+--------+--------+-----+--------+

Top non-repeatable levels by time:
     D:1: 694 daAuts
     D:2: 15 daAuts
